 Dungeon Crawl Stone Soup version 0.19.0-19-g8c6edcc (webtiles) character file.

409 Jerry the Slasher (level 6, -3/48 HPs)
             Began as a Demigod Gladiator on Nov 13, 2016.
             Slain by an ice beast (18 damage)
             ... on level 4 of the Dungeon.
             The game lasted 00:08:58 (3675 turns).

Jerry the Slasher (Demigod Gladiator)               Turns: 3675, Time: 00:08:59

Health: -3/48      AC: 10    Str: 28    XL:     6   Next: 31%
Magic:  8/8        EV: 12    Int: 12    God:
Gold:   253        SH:  0    Dex: 19    Spells: 0 memorised, 5 levels left

rFire  + . .     SeeInvis .     a - +0 long sword
rCold  x . .     Gourm    .     C - +1 scale mail "Garahaba" {rC- Str+6 Dex+3}
rNeg   . . .     Faith    .     (no shield)
rPois  .         Spirit   .     c - +0 helmet
rElec  .         Reflect  .     e - +0 cloak
rCorr  .         Harm     .     (no gloves)
MR     +....                    (no boots)
Stlth  ..........               (no amulet)
                                A - ring of protection from fire
                                i - ring of protection from magic

@: no status effects
A: high mp 1
a: no special abilities


You were on level 4 of the Dungeon.
You were not hungry.

You visited 1 branch of the dungeon, and saw 4 of its levels.

You collected 253 gold pieces.

Inventory:

Hand Weapons
 a - a +0 long sword (weapon)
 p - a +0 hunting sling
Missiles
 d - 3 throwing nets (quivered)
 q - 58 sling bullets
Armour
 b - a +0 leather armour
 c - a +0 helmet (worn)
 e - a +0 cloak (worn)
 z - a +0 chain mail
 C - the +1 scale mail "Garahaba" (worn) {rC- Str+6 Dex+3}
   (You found it on level 4 of the Dungeon)

   It affects your strength (+6).
   It affects your dexterity (+3).
   It makes you vulnerable to cold.
Jewellery
 i - a ring of protection from magic (left hand)
 A - a ring of protection from fire (right hand)
Scrolls
 j - a scroll of identify
 k - 2 scrolls of amnesia {unknown}
 l - 2 scrolls of immolation
 m - 2 scrolls of magic mapping {unknown}
 n - a scroll of fear {unknown}
 o - a scroll of teleportation {unknown}
 r - 3 scrolls of remove curse {unknown}
 y - a scroll of noise {unknown}
 B - a scroll of enchant weapon {unknown}
Potions
 g - a potion of lignification {unknown}
 h - 6 potions of curing
 t - a potion of flight {unknown}
 w - a potion of invisibility {unknown}
 D - a potion of degeneration {unknown}
Books
 x - a book of Callings

   Spells                             Type                      Level
   a - Summon Small Mammal            Summoning                    1
   b - Call Imp                       Summoning                    2
   c - Call Canine Familiar           Summoning                    3
   d - Summon Guardian Golem          Hexes/Summoning              3
   e - Summon Lightning Spire         Summoning/Air                4
   f - Summon Ice Beast               Ice/Summoning                4
Comestibles
 f - a bread ration
 s - 3 meat rations
 u - 2 fruits


   Skills:
 - Level 1.7 Fighting
 + Level 5.5 Long Blades
 - Level 1.7 Throwing
 + Level 3.7 Armour
 - Level 2.6 Dodging


You had 5 spell levels left.
You didn't know any spells.

Dungeon Overview and Level Annotations

Branches:
Dungeon (4/15)             Temple (0/1) D:4


Innate Abilities, Weirdness & Mutations

You have an increased reservoir of magic. (+10% MP)


Message History

No target in view!
You start resting.
HP restored.
You now have 253 gold pieces (gained 18).
You open the door.
An ice beast comes into view.
Found a white potion.
An ice beast is nearby!
There is an open door here.
You closely miss the ice beast. The ice beast closely misses you.
You barely miss the ice beast. The ice beast hits you.
The ice beast freezes you!!
You feel a terrible chill!
You hit the ice beast but do no damage. The ice beast misses you.
You hit the ice beast.
The ice beast is lightly wounded.
The ice beast hits you. The ice beast freezes you!
You feel a terrible chill!
* * * LOW HITPOINT WARNING * * *
You see here a glowing mace.
The ice beast hits you. The ice beast freezes you!!
You feel a terrible chill!
You die...

#.#
#.#.#########.######.######
#.# #....................#
#.# ###.#########.########
#.#####.# #.# #.......# #.#
######### #.# #######.#
#...Y.#.# #.###@#.### #.#
#.....# #######.###.#.#.##
###................#
#......######....#.....
#.#.##.# ##....(#### #.##.#
##.#### #..#.# #.# ##.#.#
#.#


You could see an ice beast.

Vanquished Creatures
  A phantom (D:4)
  A bullfrog skeleton (D:4)
  Jessica (D:2)
  Terence (D:2)
  Natasha (thrice) (D:2)
  An orc wizard (D:3)
  A howler monkey skeleton (D:4)
  A howler monkey zombie (D:3)
  4 gnolls
  An adder (D:3)
  2 worms (D:2)
  3 dart slugs
  A leopard gecko (D:1)
  9 orcs (D:3)
  A ball python (D:1)
  A giant cockroach (D:1)
  4 goblins
  4 hobgoblins
  A quokka (D:3)
  4 bats
  A frilled lizard (D:2)
  7 kobolds
  A quokka skeleton (D:4)
  8 rats
62 creatures vanquished.

Notes
Turn   | Place    | Note
-------+----------+-------------------------------------------
     0 | D:1      | Jerry the Demigod Gladiator began the quest for the Orb.
     0 | D:1      | Reached XP level 1. HP: 17/17 MP: 3/3
    53 | D:1      | Reached skill level 3 in Long Blades
   118 | D:1      | Reached skill level 1 in Armour
   118 | D:1      | Reached XP level 2. HP: 15/24 MP: 4/4
   803 | D:2      | Noticed Jessica
   818 | D:2      | Killed Jessica
   818 | D:2      | Reached XP level 3. HP: 26/29 MP: 5/5
  1016 | D:2      | Found a faded altar of an unknown god.
  1042 | D:2      | Noticed Terence
  1056 | D:2      | Killed Terence
  1056 | D:2      | Reached skill level 4 in Long Blades
  1056 | D:2      | Reached XP level 4. HP: 15/36 MP: 6/6
  1378 | D:2      | Noticed Natasha
  1392 | D:2      | Killed Natasha
  1563 | D:2      | Noticed Natasha
  1569 | D:2      | Killed Natasha
  1715 | D:2      | Noticed Natasha
  1725 | D:2      | Killed Natasha
  1825 | D:2      | Reached XP level 5. HP: 40/41 MP: 7/7
  2385 | D:3      | Found a hide-covered altar of Uskayaw.
  2555 | D:3      | Found a blossoming altar of Fedhas.
  2810 | D:3      | Reached skill level 5 in Long Blades
  3267 | D:4      | Reached XP level 6. HP: 48/48 MP: 8/8
  3446 | D:4      | Got an encrusted scale mail
  3448 | D:4      | Identified the +1 scale mail "Garahaba" {rC- Str+6 Dex+3} (You found it on level 4 of the Dungeon)
  3466 | D:4      | Found a staircase to the Ecumenical Temple.
  3675 | D:4      | Slain by an ice beast

Skill      XL: |  1  2  3  4  5 |
---------------+----------------+-----
Long Blades    | 3 4 5 |  5.5
Armour         | 1 2 3 |  3.7
Fighting       | |  1.7
Throwing       | |  1.7
Dodging        | |  2.6

Action                   |  1- 3 |  4- 6 || total
-------------------------+-------+-------++-------
Melee: Long sword        |    54 |   130 ||   184
 Fire: Hunting sling     |    29 |    13 ||    42
  Use: Potion            |     2 |       ||     2
       Scroll            |       |     2 ||     2
 Stab: Sleeping          |     2 |       ||     2
  Eat: Chunk             |       |     9 ||     9
Armor: Leather armour    |    16 |    21 ||    37
       Chain mail        |       |     8 ||     8
       Scale mail        |       |     4 ||     4
Dodge: Dodged            |    41 |    82 ||   123
       Rpst.: Long sword |    13 |    22 ||    35
